 Dungeon Crawl Stone Soup version 0.26-b1-32-g5d43845318 (webtiles) character file.

Game seed: 8070845718907875962

2292 Borgoz the Cudgeller (level 9, -3/55 HPs)
             Began as a Gargoyle Gladiator on Jan 11, 2021.
             Slain by a yak (10 damage)
             ... on level 7 of the Dungeon.
             The game lasted 00:08:34 (7030 turns).

Borgoz the Cudgeller (Gargoyle Gladiator)           Turns: 7030, Time: 00:08:35

Health: -3/55      AC: 23    Str: 19    XL:     9   Next: 40%
Magic:  9/9        EV: 15    Int:  5    God:
Gold:   479        SH:  0    Dex: 19    Spells: 8/8 levels left

rFire    . . .     SeeInvis .   x - +1 flail (protect)
rCold    . . .     Faith    .   (no shield)
rNeg     + . .     Spirit   .   j - +0 ring mail
rPois    ∞         Reflect  .   c - +0 helmet
rElec    +         Harm     +   C - scarf {harm}
rCorr    .         Rampage  .   w - +1 pair of gloves
Will     .....                  (no boots)
Stlth    +.........             (no amulet)
HPRegen  0.18/turn              B - -4 ring of intelligence (curse)
MPRegen  0.11/turn              n - +6 ring of dexterity

@: protection aura
A: negative energy resistance 1, electricity resistance, unbreathing,
petrification resistance, miasma immunity, AC +6
a: no special abilities


You were on level 7 of the Dungeon.
You visited 2 branches of the dungeon, and saw 8 of its levels.

You collected 479 gold pieces.

Inventory:

Hand Weapons
 x - a +1 flail of protection (weapon)
Missiles
 d - a throwing net (quivered)
Armour
 c - a +0 helmet (worn)
 j - a +0 ring mail (worn)
 w - a +1 pair of gloves (worn)
 C - a scarf of harm (worn)
Jewellery
 f - an uncursed ring of willpower
 l - an uncursed ring of protection from cold
 n - a +6 ring of dexterity (right hand)
 o - a +4 ring of evasion
 B - a cursed -4 ring of intelligence (left hand)
Wands
 s - a wand of digging (6)
 z - a wand of flame (9)
Scrolls
 a - 2 scrolls of magic mapping
 k - 2 scrolls of fog
 p - 3 scrolls of teleportation
 r - 4 scrolls of enchant armour
 u - a scroll of torment {unknown}
Potions
 b - 2 potions of resistance
 e - a potion of haste
 g - a potion of brilliance
 h - 3 potions of flight {unknown}
 i - a potion of cancellation {unknown}
 q - a potion of might {unknown}
 t - 6 potions of curing
 v - 3 potions of heal wounds


   Skills:
 + Level 5.9 Fighting
 * Level 7.7 Maces & Flails
 - Level 1.7 Throwing
 + Level 5.2 Armour
 * Level 6.4 Dodging


You had 8 spell levels left.
You didn't know any spells.
Your spell library contained the following spells:

 Spells                   Type           Power        Failure   Level
 Animate Skeleton         Necr           0%           65%         1
 Beastly Appendage        Tmut           0%           65%         1
 Pain                     Necr           0%           65%         1
 Wereblood                Tmut           0%           78%         2
 Spider Form              Tmut/Pois      0%           95%         3
 Vampiric Draining        Necr           0%           95%         3
 Animate Dead             Necr           0%           100%        4
 Ice Form                 Ice/Tmut       0%           100%        4
 Agony                    Necr           0%           100%        5
 Blade Hands              Tmut           0%           100%        5


Dungeon Overview and Level Annotations

Branches:
Dungeon (7/15)             Temple (1/1) D:6

Altars:
Ashenzari
Cheibriados
Dithmenos
Elyvilon
Fedhas
Gozag
Hepliaklqana
Kikubaaqudgha
Makhleb
Nemelex Xobeh
Qazlal
Ru
Uskayaw
Vehumet
Wu Jian
Xom
Zin
The Shining One


Innate Abilities, Weirdness & Mutations

You are resistant to torment.
Your stone body is resilient. (AC +6)
You are immune to poison.
You resist negative energy. (rN+)
You are resistant to electric shocks. (rElec)
You can survive without breathing.
You are immune to petrification.
You are immune to miasma.


Message History

The hog completely misses you. The yak gores you but does no damage.
You sock the hog!
The hog is severely wounded.
The hog completely misses you. The yak closely misses you.
The hog completely misses you.
You closely miss the hog.
The hog is severely wounded.
The hog barely misses you. The yak gores you but does no damage.
You barely miss the hog.
The hog is severely wounded.
The hog closely misses you. The yak barely misses you.
You closely miss the hog.
The hog is severely wounded.
The hog bites you!
* * * LOW HITPOINT WARNING * * *
The yak gores you but does no damage.
You hit the hog but do no damage.
The hog is severely wounded.
The hog barely misses you. The yak gores you!
You die...

#......#.#.#...###.#####
####.#......>...........
#######..#............
#..#..#....#.###'#####
#..#..####.#.#.....##.
#..'..#......#.....''.
#..#..####'###.....##.
#..#Yh#.......#######.
#####@###.....# #.
#...##.....# #.
##.###.....# #.
#.........# #.
#####.....# ## #........
#........ #####.... ....


You could see a yak and a hog.

Vanquished Creatures
  Grinder (D:6)
  2 hogs (D:7)
  A human (D:7)
  Menkaure (D:5)
  A water moccasin (D:6)
  Duvessa (D:5)
  A phantom (D:4)
  A sky beast (D:5)
  2 ogres
  A centaur (D:6)
  Dowan (D:5)
  A bullfrog (D:6)
  2 water moccasin skeletons
  2 scorpions
  2 howler monkeys
  2 bullfrog skeletons
  A jelly (D:6)
  A centaur skeleton (D:4)
  3 hounds
  4 orc wizards
  An iguana (D:4)
  2 worker ants
  A killer bee zombie (D:6)
  A howler monkey zombie (D:5)
  4 adders
  A shadow imp (D:7)
  A white imp (D:6)
  2 ufetubi
  2 oozes
  An adder zombie (D:4)
  2 worms (D:4)
  2 adder skeletons
  4 dart slugs
  4 leopard geckos
  26 orcs
  2 ball pythons (D:1)
  4 bats
  4 giant cockroaches
  12 goblins
  6 hobgoblins
  12 jackals
  3 quokkas
  6 frilled lizards
  A jackal skeleton (D:5)
  6 kobolds
  2 quokka skeletons
  9 rats
152 creatures vanquished.

Notes
Turn   | Place    | Note
-------+----------+-------------------------------------------
     0 | D:1      | Borgoz the Gargoyle Gladiator began the quest for the Orb.
     0 | D:1      | Reached XP level 1. HP: 12/12 MP: 1/1
   229 | D:1      | Reached XP level 2. HP: 10/17 MP: 2/2
   901 | D:1      | Reached XP level 3. HP: 22/22 MP: 3/3
  1067 | D:1      | Reached skill level 1 in Armour
  1172 | D:2      | Found a sacrificial altar of Ru.
  1431 | D:2      | Reached XP level 4. HP: 27/27 MP: 4/4
  1515 | D:2      | Found a broken altar of Ashenzari.
  2190 | D:3      | Found a radiant altar of Vehumet.
  2413 | D:3      | Found a shimmering altar of Xom.
  2510 | D:3      | Found a stormy altar of Qazlal.
  3100 | D:4      | Reached skill level 4 in Maces & Flails
  3100 | D:4      | Reached XP level 5. HP: 17/32 MP: 5/5
  3674 | D:4      | Reached XP level 6. HP: 37/37 MP: 6/6
  4253 | D:4      | Noticed a phantom
  4287 | D:4      | Killed a phantom
  4288 | D:4      | Reached skill level 5 in Maces & Flails
  4288 | D:4      | Reached XP level 7. HP: 42/42 MP: 7/7
  4481 | D:5      | Entered Level 5 of the Dungeon
  4680 | D:5      | Noticed Menkaure
  4685 | D:5      | Noticed Dowan
  4691 | D:5      | Noticed Duvessa
  4702 | D:5      | Killed Menkaure
  4703 | D:5      | Killed Duvessa
  4714 | D:5      | Reached XP level 8. HP: 30/48 MP: 8/8
  4724 | D:5      | Killed Dowan
  4725 | D:5      | Reached skill level 5 in Dodging
  4748 | D:5      | Reached skill level 6 in Maces & Flails
  5536 | D:6      | Noticed Grinder
  5554 | D:6      | Paralysed by Grinder for 6 turns
  5581 | D:6      | Killed Grinder
  5582 | D:6      | Reached skill level 5 in Fighting
  5630 | D:6      | Found an ancient bone altar of Kikubaaqudgha.
  5785 | D:6      | Found a shadowy altar of Dithmenos.
  5806 | D:6      | Reached skill level 7 in Maces & Flails
  5810 | D:6      | Reached XP level 9. HP: 40/54 MP: 9/9
  5939 | D:6      | Found a sparkling altar of Nemelex Xobeh.
  6191 | D:6      | Found a staircase to the Ecumenical Temple.
  6359 | Temple   | Entered the Ecumenical Temple
  7011 | D:7      | Reached skill level 5 in Armour
  7030 | D:7      | Slain by a yak

Illustrated notes

Levels and vault maps discovered:
D:1:      mainiacjoe_arrival_reflecting_pool, layout_basic, hex_tiny
D:2:      layout_loops_ring, nicolae_ru_sacrificial_ziggurat, marbit_many_paths,
          minmay_misc_feat_pillars, amcnicky_mini_pool_small,
          grunt_ministairs_11
D:3:      layout_basic, fiery_altar_vehumet, lemuel_coloured_pillars_altar,
          nicolae_qazlal_eye_of_the_storm
D:4:      kennysheep_goblin_castle, layout_cave_pools, grunt_ministairs_7
D:5:      layout_loops_ring, uniq_duvessa, uniq_menkaure
D:6:      layout_cave_pools, nicolae_dithmenos_shadow_blocks,
          nemelex_xobeh_ov_fountains_minmay, kiku_gazebo_garden_becter,
          temple_statues, uniq_grinder
D:7:      layout_basic, grunt_livestock, kennysheep_pointless_box,
          kennysheep_crisscross, st_stairs_13
Temple:   minmay_temple_curvy_loop

Skill      XL: |  1  2  3  4  5  6  7  8  9 |
---------------+----------------------------+-----
Armour         | 1 2 3 4 5 |  5.2
Dodging        | 3 4 5 6 |  6.4
Fighting       | 3 4 5 |  5.9
Maces & Flails | 4 5 7 |  7.7
Throwing       | |  1.7

Action                   |  1- 3 |  4- 6 |  7- 9 || total
-------------------------+-------+-------+-------++-------
Melee: Flail             |   138 |   242 |   293 ||   673
Throw: Throwing net      |     1 |     3 |       ||     4
  Use: Scroll            |       |    11 |     5 ||    16
       Potion            |       |       |     1 ||     1
Armor: Leather armour    |     8 |       |       ||     8
       Ring mail         |    48 |    89 |   128 ||   265
Dodge: Dodged            |   112 |   229 |   285 ||   626
